AoeStats
← Solinero

Arabia

510316570Analyzed
1v1 RM · 24h ago on Sep 30, 2026· 43m 4s· 2 players
Game mode
Random Map
Map size
Tiny (2 player)
Population
200
Speed
Normal
Resources
Standard
Victory
Conquest
Starting age
Dark Age
Ending age
Imperial Age
RankedLock teamsTeams togetherTeam positionsShared explorationLock speedFull tech treeHidden civsTurbo modeCheats
Victory
Defeat
🇩🇪 Armenians · Germany
590
+17
🇲🇹 Byzantines · Malta
605
-17
Solinero
10:44 Feudal Age
12:07 Double-Bit Axe
13:15 Loom
14:30 Man-at-Arms
16:19 Long Swordsman
17:14 Horse Collar
17:31 Town Watch
18:59 Scale Mail Armor
19:43 Arson
22:48 Forging
27:50 Castle Age
28:08 Scale Barding Armor
28:19 Gold Mining
28:03 Two-Handed Swordsman
31:17 Iron Casting
35:09 Pikeman
36:29 Chain Mail Armor
37:02 Town Patrol
37:42 Wheelbarrow
40:14 Chain Barding Armor
40:11 Bloodlines
40:16 Bow Saw
41:16 Halberdier
42:41 Hand Cart
rainbowopv
1:13 Loom
10:36 Feudal Age
11:18 Double-Bit Axe
12:15 Wheelbarrow
12:10 Man-at-Arms
24:13 Castle Age
28:43 Hand Cart
28:54 Crossbowman
29:59 Bow Saw
33:48 Fletching
37:51 Bodkin Arrow
39:09 Light Cavalry
40:01 Horse Collar
40:33 Pikeman
Connection lost

Rejoining the realm…

Still unreachable

The connection could not be restored.

Session expired

The server has moved on; the page needs a fresh start.